 Dungeon Crawl Stone Soup version 0.25-a0-571-gb5e01bddfa (webtiles) character file.

Game seed: 12850083768211856518, levelgen mode: deterministic

53 Forecaster the Magician (level 3, 0/30 HPs)
             Began as a Naga Wizard on Feb 29, 2020.
             Succumbed to an adder's poison
             ... on level 2 of the Dungeon.
             The game lasted 00:10:15 (1793 turns).

Forecaster the Magician (Naga Wizard)               Turns: 1793, Time: 00:10:15

Health: 0/30       AC:  2    Str:  9    XL:     3   Next: 87%
Magic:  0/8        EV:  9    Int: 18    God:
Gold:   79         SH:  0    Dex: 10    Spells: 4/9 levels left

rFire    . . .     SeeInvis +   r - +3 short sword
rCold    . . .     Gourm    .   (no shield)
rNeg     . . .     Faith    .   e - +0 leather armour
rPois    +         Spirit   .   b - +0 hat
rElec    .         Reflect  .   i - scarf {repulsion}
rCorr    .         Harm     .   (no gloves)
MR       .....                  (no barding)
Stlth    ++........             (no amulet)
HPRegen  0.10/turn              (no ring)
MPRegen  0.11/turn              (no ring)

@: lethally poisoned (0 -> -2), flying, repel missiles, very slow
A: large, see invisible, deformed body, poison resistance, slowness 2, slow
metabolism 1, spit poison 1, AC +1
a: Spit Poison


You were on level 2 of the Dungeon.
You were not hungry.

You visited 1 branch of the dungeon, and saw 2 of its levels.

You collected 79 gold pieces.

Inventory:

Hand Weapons
 h - a +0 dagger
 j - a +0 short sword
 p - a +0 dagger
 r - a +3 short sword (weapon)
Missiles
 c - 18 bolts
 f - 143 stones (quivered)
 q - 16 poisoned darts
Armour
 a - a +0 robe
 b - a +0 hat (worn)
 e - a +0 leather armour (worn)
 i - a scarf of repulsion (worn)
 l - a +0 robe
 w - a +0 leather armour
 z - a +0 robe
Jewellery
 s - an uncursed ring of wizardry {unknown}
Scrolls
 g - 2 scrolls of noise {unknown}
 k - a scroll of enchant armour {unknown}
 o - a scroll of fear {unknown}
 t - 3 scrolls of teleportation {unknown}
 y - 2 scrolls of fog {unknown}
 A - a scroll of identify {unknown}
Potions
 n - a potion of flight
 u - a potion of cancellation {unknown}
 v - a potion of stabbing {unknown}
 x - a potion of brilliance {unknown}
Comestibles
 d - 3 rations
 B - 2 chunks of flesh


   Skills:
 + Level 0.5 Fighting
 + Level 0.4 Short Blades
 + Level 1.0 Armour
 + Level 1.6 Dodging
 + Level 3.0 Stealth
 + Level 3.7 Spellcasting
 + Level 1.5 Conjurations
 + Level 1.0 Summonings
 + Level 1.0 Translocations


You had 4 spell levels left.
You knew the following spells:

 Your Spells              Type           Power        Failure   Level  Hunger
a - Magic Dart            Conj           #...         11%         1    None
b - Call Imp              Summ           #.......     21%         2    ##.....
c - Blink                 Tloc           N/A          21%         2    ##.....

Your spell library contained the following spells:

 Spells                   Type           Power        Failure   Level  Hunger
 Slow                     Hex            #.......     30%         2    ##.....
 Conjure Flame            Conj/Fire      #.......     41%         3    ###....
 Mephitic Cloud           Conj/Pois/Air  #.......     45%         3    ###....


Dungeon Overview and Level Annotations

Branches:
Dungeon (2/15)

Altars:


Innate Abilities, Weirdness & Mutations

You cannot wear boots.
Your serpentine skin is tough. (AC +1)
You have supernaturally acute eyesight. (SInv)
Armour fits poorly on your strangely shaped body.
Your system is resistant to poisons. (rPois)
You cover ground very slowly.
You have a slow metabolism.
You can spit poison.


Message History

You closely miss the adder.
The adder is almost dead.
The adder bites you.
* * * LOW HITPOINT WARNING * * *
Casting: Magic Dart (safe; 11% risk of failure)
Confirm with . or Enter, or press ? or * to list all spells.
Aiming: Magic Dart (safe; 11% risk of failure)
Press: ? - help, Shift-Dir - straight line, f/p - adder
Aim: an adder (almost dead)
The magic dart hits the adder.
You kill the adder!
* * * LOW HITPOINT WARNING * * *
You feel sick.
You see here an adder corpse.
You butcher the adder corpse.
Things that are here:
a chunk of flesh; an adder skeleton
B - 2 chunks of flesh (gained 1)
There is a lethal amount of poison in your body!
You die...

.................#...###
####...######.#...### #
#.....# ###.....#####
#....## ##...##..#....
#....# #..#.###.#.###
#....# #.##.#........
#.(..####.##.......###
#......##.####.##..# #
#....@.##..###.##..# #
#.(....###.#.......##
#......# #.#........#
#......# #.#........#
#......# #.#........##
######## #.###.###...#
#.# #.# #.#.# #.# #.#
#.#.. #.# #.# #.##.


There were no monsters in sight!

Vanquished Creatures
  2 adders (D:2)
  4 bats
  4 giant cockroaches (D:1)
  2 goblins (D:1)
  5 hobgoblins
  A ball python (D:1)
  A frilled lizard (D:1)
  8 kobolds
  3 rats
30 creatures vanquished.

Vanquished Creatures (collateral kills)
  2 goblins
  3 hobgoblins
  2 kobolds (D:1)
7 creatures vanquished.

Grand Total: 37 creatures vanquished

Notes
Turn   | Place    | Note
-------+----------+-------------------------------------------
     0 | D:1      | Forecaster the Naga Wizard began the quest for the Orb.
     0 | D:1      | Reached XP level 1. HP: 15/15 MP: 4/4
   238 | D:1      | Reached XP level 2. HP: 7/22 MP: 0/6
   242 | D:1      | Learned a level 2 spell: Call Imp
   245 | D:1      | Learned a level 2 spell: Blink
  1066 | D:1      | Reached XP level 3. HP: 28/28 MP: 3/7
  1314 | D:2      | Reached skill level 1 in Armour
  1779 | D:2      | HP: 1/30 [poisoned by an adder]
  1790 | D:2      | HP: 1/30 [poisoned by an adder]
  1793 | D:2      | Succumbed to an adder's poison

Levels and vault maps discovered:
D:1:      lemuel_arrival_cross, layout_loops_ring
D:2:      layout_basic, serial_glass, glass_columns_a, glass_columns_a,
          glass_columns_b, glass_columns_c, minmay_tiny_reverse_x

Skill      XL: |  1  2  3 |
---------------+----------+-----
Armour         | 1 |  1.0
Fighting       | |  0.5
Short Blades   | |  0.4
Dodging        | |  1.6
Stealth        | |  3.0
Spellcasting   | |  3.7
Conjurations   | |  1.5
Summonings     | |  1.0
Translocations | |  1.0

Action                   || total
-------------------------++-------
Melee: Unarmed           ||    16
       Dagger            ||    46
       Short sword       ||    30
 Cast: Magic Dart        ||    61
       Call Imp          ||     9
       Blink             ||     1
  Use: Potion            ||     3
  Eat: Chunk             ||     2
Armor: Leather armour    ||    31
Dodge: Dodged            ||    71
       Deflected         ||     1

Table legend:
 A = Non-vault XP
 B = Vault XP
 C = Vault XP percentage of total XP
 D = Non-vault monster count
 E = Vault monster count
 F = Vault count percentage of total count
                 A         B        C        D         E       F
            +---------+---------+-------+---------+---------+-------
      Total |      72 |       4 |   5.3 |      35 |       2 |   5.4
            +---------+---------+-------+---------+---------+-------
        D:1 |      37 |       0 |   0.0 |      26 |       0 |   0.0
        D:2 |      35 |       4 |  10.3 |       9 |       2 |  18.2
            +---------+---------+-------+---------+---------+-------
